3R
AMARILLO SUBMARINOS @ SHERIDAN DEER
08/01/2038
 
TOP OF THE 1ST
Amarillo Submarinos batting - Pitching for Sheridan Deer : RHP Dan Webster
Pitching: RHP Dan Webster
Batting: SHB Aubrey Magee 0-0: Swinging Strike
0-1: Ball
1-1: Ball
2-1: Foul Ball, location: 2F
2-2: Ball
3-2: Fly out, F7 (Line Drive, 7, EV 91.9 MPH)
Batting: RHB Franck Morel 0-0: Ball
1-0: Ball
2-0: Ball
3-0: Base on Balls
Batting: RHB Li-ren Ku 0-0: Called Strike
0-1: Swinging Strike
0-2: Foul Ball, location: 2F
0-2: Strikes out swinging
Batting: LHB Rafael Abasto 0-0: Foul Ball, location: 2F
0-1: SINGLE (Line Drive, 78M, EV 96.9 MPH)
Franck Morel to second
Batting: RHB Ryan Blonke 0-0: Swinging Strike
0-1: Ball
1-1: Swinging Strike
1-2: Strikes out swinging
Top of the 1st over - 0 runs, 1 hit, 0 errors, 2 left on base; Amarillo 0 - Sheridan 0
BOTTOM OF THE 1ST
Sheridan Deer batting - Pitching for Amarillo Submarinos : LHP Yasunobu Suisha
Pitching: LHP Yasunobu Suisha
Batting: RHB Ryan McCarty 0-0: Ball
1-0: Ground out 6-3 (Groundball, 6S, EV 86.9 MPH)
Batting: RHB Shalom Gestel 0-0: Called Strike
0-1: Foul Ball, location: 2F
0-2: Ball
1-2: Strikes out looking
Batting: RHB Woong Byeon 0-0: Called Strike
0-1: Reached on error, E5 (Groundball, 56S, EV 88.8 MPH)
Batting: RHB Jack Schrijver 0-0: Called Strike
0-1: Ball
1-1: Called Strike
1-2: Fly out, F8 (Flyball, 8LM, EV 96.9 MPH)
Bottom of the 1st over - 0 runs, 0 hits, 1 error, 1 left on base; Amarillo 0 - Sheridan 0
TOP OF THE 2ND
Amarillo Submarinos batting - Pitching for Sheridan Deer : RHP Dan Webster
Batting: RHB Koi-sho Xú 0-0: Called Strike
0-1: Ball
1-1: Foul Ball, location: 2F
1-2: Strikes out swinging
Batting: RHB Luke Crawford 0-0: Ball
1-0: Bunted foul
1-1: Ball
2-1: Ground out 6-3 (Groundball, 6, EV 83.1 MPH)
Batting: RHB Román García 0-0: Fly out, F7 (Line Drive, 7, EV 89.4 MPH)
Top of the 2nd over - 0 runs, 0 hits, 0 errors, 0 left on base; Amarillo 0 - Sheridan 0
BOTTOM OF THE 2ND
Sheridan Deer batting - Pitching for Amarillo Submarinos : LHP Yasunobu Suisha
Batting: RHB Haechan Mae 0-0: Called Strike
0-1: Swinging Strike
0-2: Strikes out looking
Batting: SHB Leonardo Rodríguez 0-0: Ball
1-0: Ball
2-0: Ball
3-0: Called Strike
3-1: Base on Balls
Batting: RHB Zak Arnesson 0-0: Ball
1-0: Ball
2-0: Called Strike
2-1: Swinging Strike
2-2: Ball
3-2: Strikes out looking
Leonardo Rodríguez steals 2nd base (no throw)
Batter strikes out.
Batting: RHB Eloi Hanai 0-0: Called Strike
0-1: Ball
1-1: Ground out 6-3 (Groundball, 6, EV 78.8 MPH)
Bottom of the 2nd over - 0 runs, 0 hits, 0 errors, 1 left on base; Amarillo 0 - Sheridan 0
TOP OF THE 3RD
Amarillo Submarinos batting - Pitching for Sheridan Deer : RHP Dan Webster
Batting: RHB Bud Mullins 0-0: Ball
1-0: Swinging Strike
1-1: Ball
2-1: Ball
3-1: Foul Ball, location: 2F
3-2: Strikes out swinging
Batting: SHB Aubrey Magee 0-0: Fly out, F3 (Line Drive, 3, EV 65.0 MPH)
Batting: RHB Franck Morel 0-0: Fly out, F8 (Flyball, 8RD, EV 95.6 MPH)
Top of the 3rd over - 0 runs, 0 hits, 0 errors, 0 left on base; Amarillo 0 - Sheridan 0
BOTTOM OF THE 3RD
Sheridan Deer batting - Pitching for Amarillo Submarinos : LHP Yasunobu Suisha
Batting: RHB Kyle Michaud 0-0: Bunted foul
0-1: Called Strike
0-2: Strikes out looking
Batting: RHB Ryan McCarty 0-0: SINGLE (Groundball, 56, EV 106.9 MPH) (infield hit)
Batting: RHB Shalom Gestel 0-0: Called Strike
0-1: Ball
1-1: Ball
2-1: Swinging Strike
2-2: Strikes out looking
Batting: RHB Woong Byeon 0-0: Ball
Ryan McCarty steals 2nd base
1-0: Ball
2-0: Foul Ball, location: 2F
2-1: Foul Ball, location: 2F
2-2: Fly out, F9 (Flyball, 9LMF, EV 98.1 MPH)
Bottom of the 3rd over - 0 runs, 1 hit, 0 errors, 1 left on base; Amarillo 0 - Sheridan 0
TOP OF THE 4TH
Amarillo Submarinos batting - Pitching for Sheridan Deer : RHP Dan Webster
Batting: RHB Li-ren Ku 0-0: Ball
1-0: Fly out, F5 (Popup, 5SF, EV 72.5 MPH)
Batting: LHB Rafael Abasto 0-0: Ball
1-0: Ball
2-0: Foul Ball, location: 2F
2-1: Foul Ball, location: 2F
2-2: Ball
3-2: Foul Ball, location: 2F
3-2: Strikes out swinging
Batting: RHB Ryan Blonke 0-0: Ball
1-0: Foul Ball, location: 2F
1-1: Reached via error on a dropped throw from SS, E3 (Groundball, 6, EV 86.2 MPH)
Batting: RHB Koi-sho Xú 0-0: Fielders Choice at 2nd, 6-4 (Groundball, 6, EV 105.6 MPH)
Top of the 4th over - 0 runs, 0 hits, 1 error, 1 left on base; Amarillo 0 - Sheridan 0
BOTTOM OF THE 4TH
Sheridan Deer batting - Pitching for Amarillo Submarinos : LHP Yasunobu Suisha
Batting: RHB Jack Schrijver 0-0: Ball
1-0: Called Strike
1-1: Ball
2-1: Foul Ball, location: 2F
2-2: Foul Ball, location: 2F
2-2: Reached on error, E6 (Groundball, 56, EV 96.9 MPH)
Batting: RHB Haechan Mae 0-0: Ball
1-0: Ball
2-0: Ball
3-0: Base on Balls
Jack Schrijver to second
Batting: SHB Leonardo Rodríguez 0-0: Fly out, F9 (Flyball, 9S, EV 86.9 MPH)
Batting: RHB Zak Arnesson 0-0: Foul Ball, location: 2F
0-1: Swinging Strike
0-2: Foul Ball, location: 2F
0-2: Ball
1-2: Grounds into double play, 4-6-3 (Groundball, 4, EV 102.5 MPH)
Bottom of the 4th over - 0 runs, 0 hits, 1 error, 1 left on base; Amarillo 0 - Sheridan 0
TOP OF THE 5TH
Amarillo Submarinos batting - Pitching for Sheridan Deer : RHP Dan Webster
Batting: RHB Luke Crawford 0-0: Ball
1-0: Called Strike
1-1: Ball
2-1: SINGLE (Line Drive, 6D, EV 96.2 MPH)
Batting: RHB Román García 0-0: Bunted foul
0-1: Bunted foul
0-2: Strikes out swinging
Batting: RHB Bud Mullins 0-0: Swinging Strike
0-1: Called Strike
0-2: Ball
1-2: Foul Ball, location: 2F
1-2: Ball
2-2: Foul Ball, location: 2F
2-2: Foul Ball, location: 2F
2-2: Ball
3-2: Strikes out looking
Pitching: LHP Francisco Martínez
Batting: SHB Aubrey Magee 0-0: Ball
1-0: Swinging Strike
1-1: Ball
2-1: Called Strike
2-2: Ball
3-2: SINGLE (Groundball, 56D, EV 99.4 MPH)
Luke Crawford to second
Luke Crawford to third
Batting: RHB Franck Morel 0-0: Ball
1-0: Ball
2-0: SINGLE (Line Drive, 34D, EV 98.1 MPH)
Luke Crawford scores
Aubrey Magee to second
Runner from 2nd tries for 3rd, SAFE, throw by RF made to third
Now in RF: Tim Dickson
Batting: RHB Li-ren Ku 0-0: Called Strike
0-1: Called Strike
0-2: Ball
1-2: Ball
2-2: Ball
3-2: Fly out, F9 (Flyball, 89D, EV 92.5 MPH)
Top of the 5th over - 1 run, 3 hits, 0 errors, 2 left on base; Amarillo 1 - Sheridan 0
BOTTOM OF THE 5TH
Sheridan Deer batting - Pitching for Amarillo Submarinos : LHP Yasunobu Suisha
Batting: RHB Eloi Hanai 0-0: SOLO HOME RUN (Line Drive, 7D, EV 98.1 MPH), Distance : 384 ft
Batting: RHB Kyle Michaud 0-0: Ball
1-0: Fly out, F5 (Popup, 5, EV 62.5 MPH)
Batting: RHB Tim Dickson 0-0: Called Strike
0-1: Called Strike
0-2: Strikes out swinging
Batting: RHB Shalom Gestel 0-0: Called Strike
0-1: Foul Ball, location: 2F
0-2: Ball
1-2: Ball
2-2: Ball
3-2: Foul Ball, location: 2F
3-2: Ground out 4-3 (Groundball, 34, EV 86.2 MPH)
Bottom of the 5th over - 1 run, 1 hit, 0 errors, 0 left on base; Amarillo 1 - Sheridan 1
TOP OF THE 6TH
Amarillo Submarinos batting - Pitching for Sheridan Deer : LHP Francisco Martínez
Batting: LHB Rafael Abasto 0-0: Ball
1-0: Swinging Strike
1-1: Ball
2-1: Foul Ball, location: 2F
2-2: Foul Ball, location: 2F
2-2: Strikes out swinging
Batting: RHB Ryan Blonke 0-0: Called Strike
0-1: Swinging Strike
0-2: Ball
1-2: Ball
2-2: Strikes out looking
Batting: RHB Koi-sho Xú 0-0: Called Strike
0-1: Ball
1-1: Ball
2-1: Ground out 4-3 (Groundball, 4, EV 101.9 MPH)
Top of the 6th over - 0 runs, 0 hits, 0 errors, 0 left on base; Amarillo 1 - Sheridan 1
BOTTOM OF THE 6TH
Sheridan Deer batting - Pitching for Amarillo Submarinos : LHP Yasunobu Suisha
Batting: RHB Woong Byeon 0-0: Foul Ball, location: 2F
0-1: Ball
1-1: Called Strike
1-2: Ball
2-2: Fly out, F9 (Flyball, 89M, EV 95.6 MPH)
Batting: RHB Jack Schrijver 0-0: Called Strike
0-1: Ball
1-1: Foul Ball, location: 2F
1-2: Ball
2-2: Ball
3-2: Base on Balls
Pitching: LHP Mutu Kirra
Batting: RHB Haechan Mae 0-0: Called Strike
0-1: Swinging Strike
0-2: Ball
1-2: Strikes out looking
Batting: SHB Leonardo Rodríguez 0-0: Called Strike
0-1: Foul Ball, location: 2F
0-2: Foul Ball, location: 2F
0-2: Strikes out swinging
Bottom of the 6th over - 0 runs, 0 hits, 0 errors, 1 left on base; Amarillo 1 - Sheridan 1
TOP OF THE 7TH
Amarillo Submarinos batting - Pitching for Sheridan Deer : LHP Francisco Martínez
Batting: RHB Luke Crawford 0-0: Called Strike
0-1: Ball
1-1: Swinging Strike
1-2: DOUBLE (Line Drive, 8LXD, EV 111.9 MPH)
Batting: RHB Román García 0-0: Intentional Walk
Batting: RHB Bud Mullins 0-0: Fly out, F9 (Line Drive, 9D, EV 91.2 MPH)
Runner from 2nd tags up, SAFE at 3rd, no throw by RF
Batting: SHB Aubrey Magee 0-0: Called Strike
0-1: Swinging Strike
0-2: Ball
1-2: Ball
2-2: Strikes out swinging
Batting: RHB Franck Morel 0-0: 3-RUN HOME RUN (Flyball, 7LD, EV 103.1 MPH), Distance : 355 ft
Pitching: RHP Juan Núñez
Batting: RHB Li-ren Ku 0-0: Called Strike
0-1: Ground out 1-3 (Groundball, 34S, EV 80.0 MPH)
Top of the 7th over - 3 runs, 2 hits, 0 errors, 0 left on base; Amarillo 4 - Sheridan 1
BOTTOM OF THE 7TH
Sheridan Deer batting - Pitching for Amarillo Submarinos : LHP Mutu Kirra
Batting: RHB Zak Arnesson 0-0: Foul Ball, location: 2F
0-1: Ball
1-1: Foul Ball, location: 2F
1-2: Strikes out swinging
Batting: RHB Eloi Hanai 0-0: Ball
1-0: Swinging Strike
1-1: Foul Ball, location: 2F
1-2: Ground out 6-3 (Groundball, 6, EV 82.5 MPH)
Batting: RHB Kyle Michaud 0-0: Called Strike
0-1: Foul Ball, location: 2F
0-2: Ball
1-2: Ball
2-2: Ball
3-2: Strikes out swinging
Bottom of the 7th over - 0 runs, 0 hits, 0 errors, 0 left on base; Amarillo 4 - Sheridan 1
TOP OF THE 8TH
Amarillo Submarinos batting - Pitching for Sheridan Deer : RHP Juan Núñez
Batting: LHB Rafael Abasto 0-0: Fly out, F9 (Line Drive, 9, EV 89.4 MPH)
Batting: RHB Ryan Blonke 0-0: Fly out, F8 (Flyball, 8LM, EV 89.4 MPH)
Batting: RHB Koi-sho Xú 0-0: Called Strike
0-1: Ball
1-1: Fly out, F7 (Flyball, 78S, EV 84.4 MPH)
Top of the 8th over - 0 runs, 0 hits, 0 errors, 0 left on base; Amarillo 4 - Sheridan 1
BOTTOM OF THE 8TH
Sheridan Deer batting - Pitching for Amarillo Submarinos : LHP Mutu Kirra
Batting: RHB Tim Dickson 0-0: Fly out, F9 (Flyball, 9LM, EV 89.4 MPH)
Batting: RHB Shalom Gestel 0-0: Ball
1-0: Called Strike
1-1: DOUBLE (Flyball, 8LXD, EV 90.6 MPH)
Batting: RHB Woong Byeon 0-0: Swinging Strike
0-1: Foul Ball, location: 2F
0-2: Ball
1-2: Strikes out swinging
Batting: RHB Jack Schrijver 0-0: Foul Ball, location: 2F
0-1: Ball
1-1: Swinging Strike
1-2: Foul Ball, location: 2F
1-2: Ball
2-2: Ball
3-2: Strikes out swinging
Bottom of the 8th over - 0 runs, 1 hit, 0 errors, 1 left on base; Amarillo 4 - Sheridan 1
TOP OF THE 9TH
Amarillo Submarinos batting - Pitching for Sheridan Deer : RHP Juan Núñez
Pitching: LHP Arturo Cuellar
Batting: RHB Luke Crawford 0-0: Swinging Strike
0-1: Foul Ball, location: 2F
0-2: Ball
1-2: Strikes out looking
Batting: RHB Román García 0-0: Called Strike
0-1: Foul Ball, location: 2F
0-2: Foul Ball, location: 2F
0-2: Ground out 6-3 (Groundball, 6, EV 93.1 MPH)
Batting: RHB Bud Mullins 0-0: Ball
1-0: Called Strike
1-1: TRIPLE (Line Drive, 8LXD, EV 105.6 MPH)
Batting: SHB Aubrey Magee 0-0: Called Strike
0-1: Ball
1-1: Ball
2-1: Foul Ball, location: 2F
2-2: Strikes out swinging
Top of the 9th over - 0 runs, 1 hit, 0 errors, 1 left on base; Amarillo 4 - Sheridan 1
BOTTOM OF THE 9TH
Sheridan Deer batting - Pitching for Amarillo Submarinos : LHP Mutu Kirra
Pitching: RHP Donovan Poe
Batting: RHB Haechan Mae 0-0: Called Strike
0-1: Swinging Strike
0-2: Ball
1-2: Ground out 3-1 (Groundball, 34, EV 100.6 MPH)
Batting: SHB Leonardo Rodríguez 0-0: Ball
1-0: Fly out, F8 (Flyball, 8RM, EV 85.6 MPH)
Batting: RHB Zak Arnesson 0-0: Called Strike
0-1: Swinging Strike
0-2: Strikes out swinging
Bottom of the 9th over - 0 runs, 0 hits, 0 errors, 0 left on base; Amarillo 4 - Sheridan 1
Friday, April 17th, 2020 - OOTP Baseball 20.8 Build 74